 Dungeon Crawl Stone Soup version 0.21.1-1-g345015f (webtiles) character file.

346 wojtek the Chopper (level 6, -2/56 HPs)
             Began as a Minotaur Berserker on Mar 11, 2018.
             Was a Priest of Trog.
             Slain by a gnoll
             ... wielding a +2 halberd of distortion
              (13 damage)
             ... on level 3 of the Dungeon.
             The game lasted 00:04:35 (1747 turns).

wojtek the Chopper (Minotaur Berserker)             Turns: 1747, Time: 00:04:35

Health: -2/56      AC: 11    Str: 23    XL:     6   Next: 32%
Magic:  5/5        EV:  9    Int:  4    God:    Trog [***...]
Gold:   135        SH:  0    Dex: 10    Spells: 5/5 levels left

rFire    . . .     SeeInvis .   a - +0 hand axe
rCold    . . .     Gourm    .   (no shield)
rNeg     . . .     Faith    .   g - +0 chain mail
rPois    +         Spirit   .   (helmet restricted)
rElec    .         Reflect  .   f - +0 cloak
rCorr    .         Harm     .   u - +0 pair of gloves
MR       .....                  (no boots)
Stlth    ..........             (no amulet)
HPRegen  0.18/turn              s - ring of poison resistance
MPRegen  0.09/turn              (no ring)

@: no status effects
A: retaliatory headbutt, horns 2
a: Berserk, Trog's Hand, Burn Spellbooks, Renounce Religion


You were on level 3 of the Dungeon.
You worshipped Trog.
Trog was most pleased with you.
You were hungry.

You visited 1 branch of the dungeon, and saw 3 of its levels.

You collected 135 gold pieces.

Inventory:

Hand Weapons
 a - a +0 hand axe (weapon)
Missiles
 i - 8 tomahawks (quivered)
 m - 15 poisoned needles
Armour
 f - a +0 cloak (worn)
 g - a +0 chain mail (worn)
 u - a +0 pair of gloves (worn)
Jewellery
 s - a ring of poison resistance (left hand)
Scrolls
 b - a scroll of fear {unknown}
 e - 6 scrolls of identify {unknown}
 h - a scroll of blinking {unknown}
 j - a scroll of magic mapping {unknown}
 l - a scroll of enchant armour {unknown}
 n - a scroll of teleportation {unknown}
 r - a scroll of enchant weapon {unknown}
 w - a scroll of remove curse {unknown}
Potions
 d - 2 potions of lignification {unknown}
 k - a potion of haste
 o - 2 potions of berserk rage {unknown}
 p - 2 potions of cancellation {unknown}
 q - a potion of curing {unknown}
 t - a potion of degeneration {unknown}
Comestibles
 c - 4 rations


   Skills:
 + Level 5.0 Fighting
 * Level 6.1 Axes
 + Level 4.2 Armour
 + Level 3.8 Dodging


You had 5 spell levels left.
You didn't know any spells.

Dungeon Overview and Level Annotations

Branches:
Dungeon (3/15)

Altars:


Innate Abilities, Weirdness & Mutations

You reflexively headbutt those who attack you in melee.
You have a pair of horns on your head.


Message History

You are too injured to fight recklessly!
You are too injured to fight recklessly!
Unknown command.
There is a stone staircase leading up here.
You hit the gnoll. Your headbutt misses the gnoll.
The gnoll is almost dead.
The gnoll completely misses you.
Your chain mail prevents you from hitting the gnoll.
The gnoll is almost dead.
You hit the gnoll.
You kill the gnoll!
Trog accepts your kill.
You hit the gnoll but do no damage.
The gnoll is lightly wounded.
The gnoll hits you from afar with a halberd of distortion!
Space warps horribly around you!
* * * LOW HITPOINT WARNING * * *
The gnoll completely misses you.
The gnoll hits you from afar with a halberd of distortion!
You die...

.. #.#.. .. ...##...#
##.#. .......# #.....
.....#####.....#
#.....#......## .
#.........(... ...
###..#......#
....#####.รท.#.....##
#.......#@#.......
....#....##g#.....##
#.....#.###gg.......
#.#.###.......######
#. ####..#.## #.
#..##..###
##..###.###....##
........# ##.#..######
##......####.##....gg#


You could see 3 gnolls.

Vanquished Creatures
  Sigmund (D:2)
  Natasha (thrice) (D:2)
  A gnoll (D:3)
  2 adders
  An ooze (D:1)
  3 dart slugs (D:1)
  3 leopard geckos
  2 ball pythons
  5 giant cockroaches
  14 goblins
  5 hobgoblins
  4 jackals (D:3)
  4 kobolds
  3 quokkas
  6 bats
  A frilled lizard (D:2)
  7 rats
65 creatures vanquished.

Notes
Turn   | Place    | Note
-------+----------+-------------------------------------------
     0 | D:1      | wojtek the Minotaur Berserker began the quest for the Orb.
     0 | D:1      | Reached XP level 1. HP: 19/19 MP: 0/0
   188 | D:1      | Reached XP level 2. HP: 25/27 MP: 1/1
   229 | D:1      | Reached skill level 4 in Axes
   312 | D:1      | Reached ** piety under Trog
   375 | D:1      | Reached XP level 3. HP: 33/33 MP: 2/2
   726 | D:2      | Noticed Sigmund
   927 | D:2      | Killed Sigmund
   927 | D:2      | Reached skill level 5 in Axes
   927 | D:2      | Reached XP level 4. HP: 41/41 MP: 3/3
   927 | D:2      | Reached XP level 5. HP: 47/47 MP: 4/4
  1010 | D:2      | Noticed Natasha
  1025 | D:2      | Killed Natasha
  1055 | D:2      | Reached XP level 6. HP: 47/55 MP: 5/5
  1080 | D:2      | Noticed Natasha
  1084 | D:2      | Killed Natasha
  1105 | D:2      | Noticed Natasha
  1110 | D:2      | Killed Natasha
  1110 | D:2      | Reached skill level 6 in Axes
  1216 | D:2      | Reached skill level 5 in Fighting
  1234 | D:2      | Reached *** piety under Trog
  1747 | D:3      | Slain by a gnoll

Skill      XL: |  1  2  3  4  5  6 |
---------------+-------------------+-----
Axes           | 4 5 6 |  6.1
Fighting       | 4 5 |  5.0
Armour         | 3 4 |  4.2
Dodging        | 3 |  3.8

Action                   |  1- 3 |  4- 6 || total
-------------------------+-------+-------++-------
Melee: Hand axe          |    80 |    75 ||   155
       Headbutt          |    15 |     9 ||    24
Invok: Berserk           |     1 |       ||     1
  Eat: Chunk             |       |     3 ||     3
Armor: Animal skin       |     3 |       ||     3
       Chain mail        |    38 |    42 ||    80
Dodge: Dodged            |    37 |    45 ||    82
